 Dungeon Crawl Stone Soup version 0.27-a0-1113-gb2b6fe9c5e (webtiles) character file.

Game seed: 11837022963272938420

171444 Gaff the Eclecticist (level 18, -1/139 HPs)
             Began as a Djinni Earth Elementalist on May 1, 2021.
             Was an Initiate of Gozag.
             Killed from afar by a wretched star (30 damage)
             ... with a lance of force
             ... on level 2 of the Abyss.
             The game lasted 03:59:03 (36800 turns).

Gaff the Eclecticist (Djinni Earth Elementalist)   Turns: 36800, Time: 03:59:04

Health: -1/139     AC: 10    Str:  4 (5)  XL:     18   Next: 1%
Gold:   3696       EV: 15    Int: 28 (30) God:    Gozag SH:  6 Dex: 11

rFire    + + +     SeeInvis +   P - staff of conjuration
rCold    . . .     Faith    .   H - +0 buckler
rNeg     + . .     Spirit   .   K - +2 leather armour {rF+}
rPois    ∞         Reflect  .   y - -2 hat of the Alchemist {rElec rPois rF+ rC+ rN+ Will+ rMut rCorr}
rElec    +         Harm     .   Z - +2 cloak {rCorr}
rCorr    +         Rampage  .   e - +2 pair of gloves
rMut     +                      (boots unavailable)
Will     ++...                  V - amulet of regeneration
Stlth    ..........             a - ring of Iheusch {EV+4 Int+7 Stlth-}
HPRegen  1.33/turn              M - ring of Seirphew {Int+3 SInv}
MPRegen  0.00/turn

@: unable to read, gold aura, flying, hasted, studying 2 skills, very quick
A: fire resistance 2, cold vulnerability 1, float, innate caster, hp casting,
extra vitality 1, weak 1, inability to read while threatened, [clumsy 2],
[deterioration 2], [dopey 2], [screaming 2], [no potion heal 2]
a: Renounce Religion, Potion Petition, Call Merchant, Bribe Branch


You were on level 2 of the Abyss.
You worshipped Gozag.
Gozag was most pleased with you.
You visited 6 branches of the dungeon, and saw 27 of its levels.
You visited the Abyss 1 time.
You visited 1 bazaar.
You also visited: Sewer and Ice Cave.

You collected 10524 gold pieces.
You spent 3982 gold pieces at shops.
You paid 2846 gold pieces to Gozag.

Inventory:

Hand Weapons
 m - the +9 long sword of Fomouwud {vorpal, rF+}
   (You found it on level 4 of the Lair of Beasts)

   It inflicts extra damage upon your enemies.
   It protects you from fire.
 B - a +5 mace of holy wrath
Missiles
 c - 6 curare-tipped darts
 j - 134 stones
 l - 8 javelins
Armour
 b - a +0 kite shield
 e - a +2 pair of gloves (worn)
 n - the +2 robe of the Distant Future {rF+ Will+}
   (You bought it in a shop on level 1 of the Elven Halls)

   It protects you from fire.
   It increases your willpower.
 v - a +0 leather armour of willpower
 y - the -2 hat of the Alchemist (worn) {rElec rPois rF+ rC+ rN+ Will+ rMut rCorr}
   (You bought it in a shop on level 11 of the Dungeon)

   It protects you from fire.
   It protects you from cold.
   It insulates you from electricity.
   It protects you from poison.
   It protects you from negative energy.
   It protects you from acid and corrosion.
   It protects you from mutation.
   It increases your willpower.
 D - a +4 scale mail of cold resistance
 F - a +1 helmet
 G - a +2 robe of willpower
 H - a +0 buckler (worn)
 K - a +2 leather armour of fire resistance (worn)
 Z - a +2 cloak of preservation (worn)
Magical Staves
 P - a staff of conjuration (weapon)
 X - a staff of cold
Jewellery
 a - the ring of Iheusch (left hand) {EV+4 Int+7 Stlth-}
   (You found it on level 12 of the Dungeon)

   [ring of evasion]

   It affects your evasion (+4).
   It affects your intelligence (+7).
   It makes you less stealthy.
 h - a +6 ring of intelligence
 J - a ring of ice
 M - the ring of Seirphew (right hand) {Int+3 SInv}
   (You found it on level 6 of the Dungeon)

   [ring of see invisible]

   It affects your intelligence (+3).
   It lets you see invisible.
 V - an amulet of regeneration (around neck)
Wands
 g - a wand of mindburst (12)
 C - a wand of polymorph (20)
 L - a wand of paralysis (27)
 N - a wand of charming (9)
Scrolls
 d - 9 scrolls of teleportation
 f - 2 scrolls of enchant weapon
 p - a scroll of vulnerability
 q - 2 scrolls of silence
 r - 5 scrolls of immolation
 w - 3 scrolls of blinking
 I - a scroll of brand weapon
 R - a scroll of summoning
 S - 2 scrolls of identify
Potions
 i - 4 potions of resistance
 k - 3 potions of curing
 o - 5 potions of brilliance
 s - 8 potions of might
 t - 3 potions of magic
 u - a potion of ambrosia
 z - 4 potions of berserk rage
 A - 3 potions of lignification
 E - 2 potions of cancellation
 O - 4 potions of mutation
 Q - a potion of heal wounds
 U - 4 potions of haste
 W - 6 potions of invisibility
Miscellaneous
 x - a phantom mirror
 Y - a phial of floods


   Skills:
 + Level 16.2 Fighting
 - Level 0.4(2.3) Polearms
 - Level 4.0(4.1) Staves
 - Level 8.0 Armour
 - Level 2.4 Dodging
 - Level 1.7 Stealth
 + Level 10.8 Shields
 - Level 0.5 Unarmed Combat
 * Level 20.2 Spellcasting
 - Level 5.0 Evocations


You had 9 spell levels left.
You knew the following spells:

 Your Spells              Type           Power      Damage    Failure   Level
a - Sandblast             Erth           100%       2d20      0%          1
b - Passwall              Tmut/Erth      80%        N/A       0%          2
c - Stone Arrow           Conj/Erth      100%       3d13      0%          3
d - Petrify               Tmut/Erth      96%        N/A       0%          4
e - Lee's Rapid Deconstr  Erth           48%        3d24*     0%          5
f - Sting                 Tmut/Pois      100%       1d8       0%          1
g - Ensorcelled Hibernat  Hex/Ice        100%       N/A       0%          2
h - Inner Flame           Hex/Fire       96%        N/A       0%          3
i - Hailstorm             Conj/Ice       100%       3d20      0%          4
j - Iskenderun's Battles  Conj           100%       2d15      0%          5
k - Alistair's Intoxicat  Tmut/Pois      64%        N/A       0%          5
l - Shadow Creatures      Summ           N/A        N/A       1%          6
m - Spellforged Servitor  Conj/Summ      59%        N/A       1%          7
Your spell library was empty.

Dungeon Overview and Level Annotations

Branches:
Dungeon (14/15)            Temple (1/1) D:6            Lair (6/6) D:11
  Swamp (0/4) Lair:3        Snake (1/4) Lair:2        Slime (0/5) Lair:5
    Orc (2/2) D:11            Elf (3/3) Orc:2         Sewer (visited)
  IceCv (visited)
 Vaults: D:13-14

Altars:
Ashenzari
Cheibriados
Dithmenos
Elyvilon
Fedhas
Gozag
Hepliaklqana
Kikubaaqudgha
Makhleb
Nemelex Xobeh
Okawaru
Qazlal
Ru
Sif Muna
Trog
Uskayaw
Vehumet
Wu Jian
Xom
Yredelemnul
Zin
The Shining One
Beogh

Shops:
D:11 *[   Orc:2 [!:*   Elf:1 [=(   Elf:2 ?:!**   Snake:1 =

Portals:
Pandemonium: Orc:2

Annotations:
D:13 Rupert
Snake:1 Azrael


Innate Abilities, Weirdness & Mutations

You are immune to poison.
Your flesh is very heat resistant. (rF++)
You are vulnerable to cold. (rC-)
You float through the air rather than walking.
You learn spells naturally, not from books.
Your magical power is your life essence.
You have superior vitality. (+4 HP)
You are weak. (Str -2)
You sometimes lose the ability to read scrolls when taking damage.
[You are very clumsy. (Dex -4)]
[Your body often deteriorates upon taking damage.]
[You are very dopey. (Int -4)]
[You frequently scream uncontrollably at your foes.]
[Potions cannot restore your health.]


Message History

The stone arrow hits the large abomination!
The large abomination is severely damaged.
The large abomination hits you!!
You feel threatened and lose the ability to read scrolls!
Your body deteriorates!
You feel weakened.
The wretched star glows turbulently.
The lance of force hits you!
* * * LOW HITPOINT WARNING * * *
Your body deteriorates!
You feel dopey.
You are knocked back by the lance of force.
You slam into the crystal wall!
* * * LOW HITPOINT WARNING * * *
Your neqoxec hits the wretched star.
Aiming: Stone Arrow (safe; 0% risk of failure)
Press: ? - help, Q - select action, (/) - cycle Shift-Dir - straight line, f/p - large abomination
Aim: a large abomination (severely damaged, 92% to hit)
You feel a surge of power!
The stone arrow hits the large abomination!
You destroy the large abomination!
* * * LOW HITPOINT WARNING * * *
The wretched star glows turbulently.
The lance of force hits you!!
* * * LOW HITPOINT WARNING * * *
Your body deteriorates!
You feel dopey.
You are knocked back by the lance of force.
You slam into the crystal wall!
* * * LOW HITPOINT WARNING * * *
Your neqoxec hits the wretched star.
The wretched star pulses with an eldritch light!
You feel stupid. x2
Your system partially rejects the healing effects of potions.
Your system completely rejects the healing effects of potions.
Your neqoxec twists and deforms.
You feel yourself speed up.
The wretched star pulses with an eldritch light!
You feel clumsy. x2
The wretched star glows turbulently.
The lance of force hits you!!
You die...
Your body crumbles into a pile of gold.

## .##. § # .##
# ...§. .... .
. ... # ... .#
# #.## # .#
..#....#
#..##..# .#.
##..#.#
.###......#
≈≈§.≈≈≈.≈
..#.@# #≈§≈≈≈8
≈##...#.## ≈ .
8###≈##.#.##.##
≈$..##≈#3.#.
#.#$*.# ≈≈8≈.#
..#.###..#.# ≈
#
≈5#.##.#.3##.#
# # #≈≈≈*
5.#8.. ##
§≈≈≈≈.##*.#
##*##.. ≈≈ .###


You could see a wretched star.

Vanquished Creatures
  Saint Roka (Elf:2)
  2 deep elf blademasters
  Gastronok (D:8)
  Kirke (Lair:4)
  2 frost giants
  3 deep elf elementalists (Elf:3)
  A deep elf demonologist (Elf:3)
  Nessos (Lair:5)
  2 dire elephants (Lair:6)
  2 deep elf annihilators (Elf:3)
  Snorg (Lair:5)
  A deep elf death mage (Elf:3)
  2 deep elf high priests (Elf:3)
  11 hydras
  The ghost of nj0rd12 the Fighter, a journeyman DjVM of Gozag (D:9)
  A catoblepas (Lair:2)
  2 anacondas (Snake:1)
  An ogre mage (D:11)
  2 centaur warriors
  2 two-headed ogres
  2 deep troll earth magi (D:11)
  10 death yaks
  A tengu warrior (D:11)
  A spectral dire elephant (Lair:6)
  5 orc high priests
  Sonja (Lair:4)
  A naga sharpshooter (Snake:1)
  A wretched star (Abyss:2)
  10 deep elf knights
  A soul eater (Orc:2)
  3 gelid demonspawn (Orc:2)
  A spectral anaconda (Lair:6)
  6 deep elf archers
  2 obsidian statues
  An orange crystal statue (D:9)
  A naga ritualist (Snake:1)
  3 necromancers (Lair:6)
  16 deep elf zephyrmancers
  A mana viper (Snake:1)
  5 orc knights (Orc:2)
  20 deep elf pyromancers
  3 oklob plants
  11 orc sorcerers
  2 cyclopes
  An ugly thing (D:12)
  3 manticores
  A rust devil (Orc:2)
  Maurice (D:10)
  15 elephants
  10 black mambas
  2 ice statues (IceCv)
  A torpor snail (Lair:2)
  2 naga magi (Snake:1)
  A gargoyle (D:12)
  12 cane toads
  A kobold demonologist (D:11)
  8 komodo dragons
  An unseen horror (D:10)
  5 rime drakes
  Maggie (Lair:1)
  2 efreet
  2 red devils (Orc:2)
  14 polar bears
  7 trolls
  A tyrant leech (Lair:3)
  3 slime creatures (D:13)
  A raiju (shapeshifter) (Elf:1)
  28 blink frogs
  A flying skull (Abyss:2)
  A shadow (D:11)
  A tarantella (shapeshifter) (Elf:3)
  2 wyverns
  2 wraiths
  3 hogs (Lair:4)
  5 basilisks
  35 yaks
  6 fire elementals
  3 chaos spawn
  3 steam dragons
  A death yak simulacrum (Lair:6)
  A warg (Orc:1)
  A naga (Snake:1)
  An acid dragon (D:11)
  An acid dragon (shapeshifter) (Elf:2)
  43 water moccasins
  2 spectral cane toads (Lair:6)
  A hell hound (Snake:1)
  2 swamp worms (Lair:3)
  A large abomination (Abyss:2)
  2 sky beasts (D:7)
  36 orc warriors
  2 black bears
  5 ogres
  16 wolves
  3 elephant zombies (Lair:6)
  13 centaurs
  2 phantoms (D:5)
  31 bullfrogs
  A scorpion (D:7)
  3 cane toad simulacra (Lair:6)
  3 earth elementals
  13 killer bees
  5 elephant simulacra (Lair:6)
  6 wights
  8 electric eels
  A howler monkey (D:11)
  5 centaur zombies
  4 hounds
  3 jellies
  2 bullfrog skeletons (D:6)
  A gnoll shaman (D:5)
  35 orc priests
  3 centaur skeletons
  3 iguanas
  16 orc wizards
  A killer bee zombie (D:6)
  A hound zombie (D:5)
  2 howler monkey zombies
  5 gnolls (D:5)
  25 adders
  5 river rats
  2 shadow imps (D:6)
  2 white imps
  2 ufetubi
  A worm (D:2)
  3 dart slugs
  109 orcs
  6 endoplasms
  8 giant cockroaches
  6 goblins
  8 hobgoblins
  9 jackals (D:1)
  4 quokkas
  8 ball pythons
  3 bats
  11 frilled lizards
  8 kobolds
  18 rats
  A bush (Lair:3)
857 creatures vanquished.

Vanquished Creatures (collateral kills)
  Frances (Elf:1)
  A deep elf annihilator (Elf:1)
  A dire elephant (Lair:6)
  A deep elf high priest (Elf:3)
  An anaconda (Snake:1)
  6 dancing weapons
  2 death yaks (Lair:6)
  2 deep elf knights (Elf:2)
  2 spectral death yaks (Lair:6)
  A deep elf archer (Elf:2)
  A deep elf zephyrmancer (Elf:2)
  5 deep elf pyromancers (Elf:2)
  A shining eye (shapeshifter) (Elf:2)
  2 elephants (Lair:6)
  A worldbinder (Abyss:2)
  2 black mambas (Snake:1)
  A large abomination (Abyss:2)
  A dire elephant skeleton (Lair:6)
  A komodo dragon (Lair:6)
  2 polar bears
  3 blink frogs (Lair:6)
  2 spectral elephants (Lair:6)
  A ynoxinul (Abyss:2)
  A water elemental (Elf:3)
  5 yaks
  2 fire elementals (Snake:1)
  A spectral cane toad (Lair:6)
  An orc warrior (Orc:2)
  An ogre (Orc:1)
  5 wolves (IceCv)
  An earth elemental (Elf:3)
  An elephant simulacrum (Lair:6)
  A quasit (Abyss:2)
  3 orc priests (Orc:2)
  An orc wizard (Orc:2)
64 creatures vanquished.

Vanquished Creatures (others)
  23 dancing weapons
  A deep elf pyromancer (Elf:3)
  A spectral cane toad (Lair:6)
  96 fungi
  123 plants
  30 withered plants
274 creatures vanquished.

Grand Total: 1195 creatures vanquished

Notes
Turn   | Place    | Note
-------+----------+-------------------------------------------
     0 | D:1      | Gaff the Djinni Earth Elementalist began the quest for the
                  | Orb.
     0 | D:1      | Reached XP level 1. HP: 15/15 MP: 0/0
   317 | D:1      | Reached skill level 3 in Spellcasting
   317 | D:1      | Reached XP level 2. HP: 9/21 MP: 0/0
   968 | D:1      | Reached XP level 3. HP: 16/25 MP: 0/0
   968 | D:1      | Learned a level 1 spell: Sting
  1797 | D:2      | Found an opulent altar of Gozag.
  2102 | D:2      | Reached XP level 4. HP: 24/31 MP: 0/0
  2202 | D:2      | Reached skill level 1 in Fighting
  2207 | D:2      | Found a faded altar of an unknown god.
  2516 | D:2      | Reached skill level 4 in Spellcasting
  2749 | D:2      | Reached XP level 5. HP: 35/38 MP: 0/0
  2749 | D:2      | Learned a level 2 spell: Ensorcelled Hibernation
  3301 | D:2      | Became a worshipper of Gozag Ym Sagoz the Greedy
  3832 | D:3      | Found a blossoming altar of Fedhas.
  4040 | D:4      | You are sucked into a shaft and drop 1 floor!
  4040 | D:5      | Entered Level 5 of the Dungeon
  4088 | D:5      | Reached XP level 6. HP: 34/45 MP: 0/0
  4333 | D:5      | Reached skill level 5 in Spellcasting
  4378 | D:5      | Found a glowing drain.
  4399 | Sewer    | Entered a sewer
  5394 | D:5      | Reached XP level 7. HP: 47/50 MP: 0/0
  5394 | D:5      | Learned a level 3 spell: Inner Flame
  5918 | D:5      | Reached skill level 1 in Armour
  6182 | D:5      | Reached skill level 6 in Spellcasting
  6713 | D:4      | Reached XP level 8. HP: 52/58 MP: 0/0
  7720 | D:3      | Found a blossoming altar of Fedhas.
  7819 | D:3      | Reached skill level 7 in Spellcasting
  8081 | D:6      | Reached skill level 5 in Fighting
  8112 | D:6      | Found a staircase to the Ecumenical Temple.
  8124 | Temple   | Entered the Ecumenical Temple
  8506 | D:6      | Identified the ring of Seirphew {Int+3 SInv}
  9409 | D:6      | Reached skill level 8 in Spellcasting
  9409 | D:6      | Reached XP level 9. HP: 60/66 MP: 0/0
  9409 | D:6      | Learned a level 4 spell: Hailstorm
 10779 | D:7      | Noticed a manticore
 10782 | D:7      | Killed a manticore
 10783 | D:7      | Reached skill level 1 in Staves
 10783 | D:7      | Reached skill level 9 in Spellcasting
 11510 | D:8      | Reached XP level 10. HP: 45/75 MP: 0/0
 12548 | D:9      | Noticed a cyclops
 12588 | D:9      | Noticed Gastronok
 12588 | D:9      | Noticed a two-headed ogre
 12635 | D:9      | Killed a cyclops
 12745 | D:9      | Reached skill level 10 in Spellcasting
 12997 | D:9      | Killed a two-headed ogre
 13250 | D:9      | Found a runed translucent gate.
 13250 | D:9      | Found a runed translucent gate.
 13250 | D:9      | Found a runed translucent gate.
 13250 | D:9      | Noticed nj0rd12's ghost (journeyman DjVM)
 13252 | D:9      | Found a basalt altar of Yredelemnul.
 13270 | D:9      | Killed nj0rd12's ghost
 13416 | D:9      | Noticed an orange crystal statue
 13419 | D:9      | Killed an orange crystal statue
 13420 | D:9      | Reached XP level 11. HP: 70/82 MP: 0/0
 13420 | D:9      | Learned a level 5 spell: Iskenderun's Battlesphere
 13515 | D:9      | Noticed an obsidian statue
 13518 | D:9      | Killed an obsidian statue
 13519 | D:9      | Reached skill level 11 in Spellcasting
 13845 | D:10     | Entered Level 10 of the Dungeon
 13959 | D:10     | Noticed Maurice
 13963 | D:10     | Killed Maurice
 14142 | D:10     | Found a large runed translucent door.
 14146 | D:10     | Found a large runed translucent door.
 14318 | D:10     | Identified the -3 buckler of Apathy {Harm rPois MP-9}
 14594 | D:10     | Identified a scroll of acquirement
 14594 | D:10     | Acquired a manual of Spellcasting
 14752 | D:10     | Found a stormy altar of Qazlal.
 14756 | D:10     | Found a sacrificial altar of Ru.
 14971 | D:11     | Reached skill level 12 in Spellcasting
 15011 | D:11     | Found a staircase to the Orcish Mines.
 15087 | D:11     | Noticed a manticore
 15092 | D:11     | Killed a manticore
 15093 | D:11     | Reached skill level 1 in Shields
 15126 | D:11     | Noticed a cyclops
 15126 | D:11     | Noticed a +0 vampiric glaive
 15128 | D:11     | Killed a cyclops
 15133 | D:11     | Killed a +0 vampiric glaive
 15185 | D:11     | Noticed a tengu warrior
 15190 | D:11     | Killed a tengu warrior
 15191 | D:11     | Reached skill level 10 in Fighting
 15313 | D:11     | Noticed a manticore
 15315 | D:11     | Killed a manticore
 15318 | D:11     | Noticed a deep troll earth mage
 15339 | D:11     | Killed a deep troll earth mage
 15340 | D:11     | Reached skill level 13 in Spellcasting
 15340 | D:11     | Reached XP level 12. HP: 61/91 MP: 0/0
 15382 | D:11     | Identified the ring of Departure {rPois AC+4}
 15523 | D:11     | Noticed a deep troll earth mage
 15529 | D:11     | Killed a deep troll earth mage
 15584 | D:11     | Found Xauqo's General Store.
 15590 | D:11     | Bought 3 scrolls of identify for 102 gold pieces
 15630 | D:11     | Noticed a four-headed hydra
 15762 | D:11     | Killed a four-headed hydra
 15763 | D:11     | Reached skill level 14 in Spellcasting
 15816 | D:11     | Noticed an ogre mage
 15817 | D:11     | Noticed a six-headed hydra
 15824 | D:11     | Killed an ogre mage
 15831 | D:11     | Killed a six-headed hydra
 15890 | D:11     | Found a staircase to the Lair.
 15931 | D:11     | Noticed a frost giant
 16030 | D:11     | Killed a frost giant
 16521 | D:11     | Found a sacrificial altar of Ru.
 16689 | D:12     | Noticed a seven-headed hydra
 16697 | D:12     | Killed a seven-headed hydra
 16700 | D:12     | Reached skill level 15 in Spellcasting
 16803 | D:12     | Identified the ring of Iheusch {EV+4 Int+7 Stlth-}
 17266 | D:12     | Reached XP level 13. HP: 95/99 MP: 0/0
 17266 | D:12     | Learned a level 5 spell: Alistair's Intoxication
 18008 | D:13     | Noticed Rupert
 18089 | Lair:1   | Entered Level 1 of the Lair of Beasts
 18193 | D:11     | Reached skill level 16 in Spellcasting
 18222 | Lair:1   | You are sucked into a shaft and drop 1 floor!
 18381 | Lair:1   | Noticed Maggie
 18456 | Lair:2   | Found a staircase to the Snake Pit.
 18529 | Lair:1   | Killed Maggie
 20286 | Lair:3   | Found a shadowy altar of Dithmenos.
 20445 | Lair:3   | Identified the +7 chain mail "Nosuzor" {Rampage Dex+3}
 20467 | Lair:3   | Reached XP level 14. HP: 105/108 MP: 0/0
 20555 | Lair:3   | Reached skill level 17 in Spellcasting
 21429 | Lair:3   | Found a staircase to the Swamp.
 22331 | Lair:4   | Noticed Sonja
 22340 | Lair:4   | Killed Sonja
 22424 | Lair:4   | Reached skill level 1 in Evocations
 23071 | Lair:4   | Identified the +9 long sword of Fomouwud {vorpal, rF+}
 23202 | Lair:4   | Noticed Kirke
 23209 | Lair:4   | Killed Kirke
 23944 | Lair:5   | Noticed Snorg
 23949 | Lair:5   | Killed Snorg
 24207 | Lair:5   | Noticed Nessos
 24217 | Lair:5   | Killed Nessos
 24647 | Lair:5   | Found a staircase to the Slime Pits.
 24655 | Lair:5   | Reached XP level 15. HP: 78/116 MP: 0/0
 24655 | Lair:5   | Learned a level 6 spell: Shadow Creatures
 24845 | Lair:6   | Entered Level 6 of the Lair of Beasts
 25199 | Lair:6   | Reached skill level 5 in Armour
 25353 | Lair:6   | Reached skill level 18 in Spellcasting
 25548 | Lair:6   | Reached skill level 5 in Evocations
 27273 | D:11     | Bought the -2 hat of the Alchemist {rElec rPois rF+ rC+ rN+
                  | Will+ rMut rCorr} for 802 gold pieces
 27273 | D:11     | Found the -2 hat of the Alchemist {rElec rPois rF+ rC+ rN+
                  | Will+ rMut rCorr}
 27479 | D:8      | Killed Gastronok
 27588 | Orc:1    | Entered Level 1 of the Orcish Mines
 27609 | Orc:2    | Entered Level 2 of the Orcish Mines
 27791 | Orc:1    | Found a frozen archway.
 27826 | IceCv    | Entered an ice cave
 28209 | IceCv    | Noticed a frost giant
 28247 | IceCv    | Killed a frost giant
 28248 | IceCv    | Reached XP level 16. HP: 72/124 MP: 0/0
 29481 | Orc:2    | Found a staircase to the Elven Halls.
 29982 | Orc:2    | Found Gousipio's Distillery.
 30118 | Orc:2    | Found Gongalu's General Store.
 30125 | Orc:2    | Bought a potion of degeneration for 12 gold pieces
 30929 | Orc:2    | Found Ibuc's Antique Armour Boutique.
 30929 | Orc:2    | Found Gyfomn's Book Shop.
 30930 | Orc:2    | Found a one-way gate leading to the halls of Pandemonium.
 30942 | Orc:2    | Bought a pair of embroidered gloves for 195 gold pieces
 30942 | Orc:2    | Bought a polished plate armour for 728 gold pieces
 30942 | Orc:2    | Identified the +0 plate armour of Good Intentions {Rampage}
                  | (You bought it in a shop on level 2 of the Orcish Mines)
 31442 | Orc:2    | Bought a scroll of identify for 24 gold pieces
 31522 | Orc:2    | Bought a scroll of blinking for 90 gold pieces
 31707 | Snake:1  | Entered Level 1 of the Snake Pit
 31803 | Snake:1  | Reached skill level 19 in Spellcasting
 31817 | Snake:1  | Reached skill level 15 in Fighting
 31852 | Snake:1  | Found Hiliapo's Jewellery Boutique.
 31883 | Snake:1  | Noticed Azrael
 31889 | Snake:1  | Gained mutation: You are weak. (Str -2) [mutagenic glow]
 31906 | Snake:1  | Gained mutation: You sometimes lose the ability to read
                  | scrolls when taking damage. [mutagenic glow]
 32129 | Elf:1    | Entered Level 1 of the Elven Halls
 32205 | Elf:1    | Reached skill level 5 in Shields
 32277 | Elf:1    | Found Ymio's Jewellery Shop.
 32293 | Elf:1    | Found a flickering gateway to a bazaar.
 32315 | Bazaar   | Entered a bazaar
 32315 | Bazaar   | Found Nubryrph's Book Shoppe.
 32315 | Bazaar   | Found Puzeuf's Book Shoppe.
 32315 | Bazaar   | Found Ofeicise's Magic Scroll Shop.
 32317 | Bazaar   | Found Gyghudeuhe's Weapon Emporium.
 32317 | Bazaar   | Found Beplemm's Antique Armour Shop.
 32375 | Bazaar   | Bought a kite shield for 117 gold pieces
 32386 | Bazaar   | Bought a manual of Shields for 1324 gold pieces
 32396 | Bazaar   | Bought a scroll of enchant weapon for 67 gold pieces
 32396 | Bazaar   | Bought a scroll of identify for 18 gold pieces
 32397 | Bazaar   | Bought a scroll of identify for 18 gold pieces
 32398 | Bazaar   | Bought a scroll of identify for 18 gold pieces
 32572 | Elf:1    | Found Bainoekh's Antique Armour Shoppe.
 32578 | Elf:1    | Bought a glowing cloak for 202 gold pieces
 32578 | Elf:1    | Bought an ancient robe for 153 gold pieces
 32578 | Elf:1    | Identified the +2 robe of the Distant Future {rF+ Will+}
                  | (You bought it in a shop on level 1 of the Elven Halls)
 33012 | Elf:1    | Noticed Frances
 33027 | Elf:1    | Killed Frances
 33342 | Elf:1    | Found Voatios's Antique Weapon Shoppe.
 33372 | Elf:1    | You are sucked into a shaft and drop 1 floor!
 33394 | Elf:2    | Found a runed translucent gate.
 33394 | Elf:2    | Found a runed translucent gate.
 33394 | Elf:2    | Found a runed translucent gate.
 33438 | Elf:2    | Noticed a deep elf blademaster
 33447 | Elf:2    | Killed a deep elf blademaster
 33448 | Elf:2    | Reached XP level 17. HP: 35/131 MP: 0/0
 33448 | Elf:2    | Learned a level 7 spell: Spellforged Servitor
 33822 | Elf:2    | Noticed Saint Roka
 33840 | Elf:2    | Killed Saint Roka
 34631 | Elf:2    | Found Hugit's Assorted Antiques.
 35104 | Elf:2    | Found Ylaroeq's Assorted Antiques.
 35115 | Elf:2    | Bought a scroll labelled LESHRY BUDUHO for 37 gold pieces
 35237 | Elf:2    | Found Tupyaxost's Distillery.
 35247 | Elf:2    | Bought a potion of heal wounds for 75 gold pieces
 35330 | Elf:2    | Found Jaos Tuze's Magic Scroll Shop.
 35343 | Elf:2    | Found Qyrgheats's Book Boutique.
 35569 | Elf:3    | Entered Level 3 of the Elven Halls
 36023 | Elf:3    | Reached skill level 20 in Spellcasting
 36278 | Elf:3    | Reached skill level 10 in Shields
 36593 | Elf:3    | Noticed a deep elf blademaster
 36597 | Elf:3    | Killed a deep elf blademaster
 36628 | Elf:3    | Cast into level 2 of the Abyss (a deep elf sorcerer)
 36742 | Abyss:2  | Reached XP level 18. HP: 73/139 MP: 0/0
 36800 | Abyss:2  | Killed from afar by a wretched star

Illustrated notes

Levels and vault maps discovered:
D:1:      wander_arrival_peaceful_grave, layout_basic
D:2:      minmay_recursive_quarters, layout_loops_ring,
          ebering_ecumenical_altar_petrified, basic_altar, kennysheep_boxes
D:3:      layout_rooms, fedhas_altar_fruit_tree, chequers_serial_rivers_micro_d,
          corexii_item_surrounded_by_moat, amcnicky_mini_pool_small,
          hangedman_decor_clover_reticule, kennysheep_flooded_box
D:4:      layout_basic
D:5:      layout_loops_cross, portal_sewer_entry_e
D:6:      layout_basic, minmay_temple_entry_mini_moons
D:7:      layout_gridville, minmay_misc_feat_rows
D:8:      layout_cave_pools, old_standard_altar, serial_bayou,
          serial_bayou_pond_e, serial_bayou_shore_b, serial_bayou_shore_b,
          serial_bayou_ford_a, kennysheep_potato
D:9:      minmay_separated_statues, layout_cave_pools,
          nicolae_yredelemnul_ghost_church, uniq_gastronok
D:10:     layout_loops_ring, nicolae_overflow_hidden_temple,
          jmf_multi_god_temple2, special_room [special_room_orc], uniq_maurice
D:11:     minmay_chopped_fan, layout_long_grid, due_lair_maze_entry_diamond,
          hiddenorc2_lemuel, serial_shops, kennysheep_mini,
          minmay_misc_feat_columns, nicolae_ru_the_path_less_chosen
D:12:     layout_stronghold
D:13:     layout_loops_ring, uniq_rupert
D:14:     layout_cross, david_vaults_2, serial_shops, kennysheep_little_box,
          nicolae_uskayaw_suspiria
Temple:   eino_temple_rhombus
Lair:1:   layout_misc_corridors, uniq_maggie
Lair:2:   layout_hall_layers, minmay_snake_entry_six_corridors, minivault_25,
          serial_bayou_pond_b, wad_woods_road_03, st_stairs_7,
          hangedman_lair_generics_rect, lemuel_fruit_fields
Lair:3:   lemuel_reptile_caves, layout_loops_ring, palyth_hydra_swamp_entry,
          basic_altar
Lair:4:   layout_regular_city, serial_bayou_pond_b, serial_bayou_pond_a,
          st_stairs_11, fungi_pond_lemuel, uniq_kirke, uniq_sonja
Lair:5:   layout_roguey, minmay_slime_entry_oklob_enclosed, serial_bayou_lake_a,
          uniq_nessos, uniq_snorg
Lair:6:   due_jungle_book, layout_regular_city
Snake:1:  layout_rooms, serial_shops, shop_statue, minmay_shop_grove,
          grunt_megastairs_5, uniq_azrael
Orc:1:    layout_diamond_mine, portal_ice_cave_entry_pillars_1
Orc:2:    pf_orc_diabolical, layout_caves
Elf:1:    eino_elf_arrival_altar, layout_onion_city, serial_sigils,
          serial_sigils_hangedman_etch, serial_sigils_hangedman_snap,
          serial_sigils_hangedman_writhe, serial_sigils_hangedman_shear,
          serial_sigils_hangedman_gut, serial_shops, bzr_entry_water,
          nicolae_shop_overgrown_old_shop, nicolae_shop_trees, shop_fountains,
          st_stairs_7, uniq_frances
Elf:2:    layout_loops_ring, serial_shops, shop_coins, nicolae_shop_statue_plus,
          shop_fountains, shop, shop, uniq_saint_roka
Elf:3:    minmay_elf_hall_hex, layout_geoelf_diagonals, basic_altar,
          serial_sigils_hangedman_gnaw, corexii_checkpoint_a
Abyss:2:  base: D:15, evilmike_abyss_exit_vortex

Skill      XL: |  1  2  3  4  5  6  7  8  9 10 11 12 13 14 15 16 17 |
---------------+----------------------------------------------------+-----
Spellcasting   | 3 4 5 6 8 9 10 13 15 16 17 18 19 20 | 20.2
Fighting       | 1 2 3 4 5 7 8 10 11 12 13 14 15 16 | 16.2
Armour         | 2 4 7 8 |  8.0
Staves         | 2 4 |  4.0
Shields        | 3 4 7 10 | 10.8
Evocations     | 3 5 |  5.0
Polearms       | |  0.4
Dodging        | |  2.4
Stealth        | |  1.7
Unarmed Combat | |  0.5

Action                   |  1- 3 |  4- 6 |  7- 9 | 10-12 | 13-15 | 16-18 || total
-------------------------+-------+-------+-------+-------+-------+-------++-------
Melee: Unarmed           |    25 |       |       |       |       |       ||    25
       Spear             |    39 |    29 |       |       |       |       ||    68
       Staff             |       |       |       |     1 |     7 |     1 ||     9
 Cast: Sandblast         |    19 |     3 |       |       |       |       ||    22
       Sting             |    25 |    62 |       |     1 |       |       ||    88
       Stone Arrow       |       |    45 |   120 |   101 |   433 |   259 ||   958
       Inner Flame       |       |       |     9 |     1 |     4 |       ||    14
       Lee's Rapid Decon |       |       |    11 |   114 |    78 |   127 ||   330
       Ensorcelled Hiber |       |       |     1 |     3 |       |       ||     4
       Hailstorm         |       |       |     2 |    11 |    16 |    10 ||    39
       Petrify           |       |       |       |    28 |    26 |     9 ||    63
       Iskenderun's Batt |       |       |       |    62 |   144 |   122 ||   328
       Shadow Creatures  |       |       |       |       |    79 |    89 ||   168
       Alistair's Intoxi |       |       |       |       |     6 |     1 ||     7
       Spellforged Servi |       |       |       |       |       |    41 ||    41
Invok: Potion Petition   |       |       |       |       |     1 |     4 ||     5
       Call Merchant     |       |       |       |       |     1 |       ||     1
  Use: Scroll            |       |     4 |     4 |    13 |     5 |     8 ||    34
       Potion            |       |       |     1 |       |       |     3 ||     4
 Stab: Distracted        |     1 |     1 |       |       |       |       ||     2
Armor: Robe              |    24 |    18 |     2 |    13 |     9 |       ||    66
       Leather armour    |       |       |       |       |    28 |    18 ||    46
Dodge: Dodged            |    49 |    36 |    10 |    16 |   105 |    86 ||   302
Block: Buckler           |       |       |       |     4 |    30 |    38 ||    72

Table legend: (Time is in decaauts)
 A = Elapsed time spent in this place.
 B = Non-inter-level travel time spent in this place.
 C = Inter-level travel time spent in this place.
 D = Time resting spent in this place.
 E = Time spent auto-exploring this place.
 F = Levels seen in this place.
 G = Mean time per level.
                   A        B        C        D        E       F      G
               +--------+--------+--------+--------+--------+-----+--------+
         Total |  36876 |  34473 |   2403 |   8361 |  11688 |  31 | 1189.5 |
       Dungeon |  17359 |  16269 |   1090 |   5387 |   5506 |  14 | 1239.9 |
        Temple |    434 |    416 |     18 |    186 |    226 |   1 |  434.0 |
          Lair |   9168 |   8314 |    854 |    958 |   4361 |   6 | 1528.0 |
     Snake Pit |    231 |    231 |      0 |     28 |      0 |   1 |  231.0 |
  Orcish Mines |   2904 |   2609 |    295 |    428 |    557 |   2 | 1452.0 |
   Elven Halls |   4393 |   4247 |    146 |    622 |    625 |   3 | 1464.3 |
         Abyss |    171 |    171 |      0 |     45 |      0 |   1 |  171.0 |
        Bazaar |    109 |    109 |      0 |      0 |      0 |   1 |  109.0 |
         Sewer |    931 |    931 |      0 |    558 |    117 |   1 |  931.0 |
      Ice Cave |   1171 |   1171 |      0 |    149 |    296 |   1 | 1171.0 |
               +--------+--------+--------+--------+--------+-----+--------+

Top non-repeatable levels by time:
   Orc:2: 2276 daAuts
    D:11: 2198 daAuts
  Lair:6: 2152 daAuts
  Lair:3: 1987 daAuts
   Elf:2: 1892 daAuts
     D:5: 1888 daAuts
     D:2: 1690 daAuts
     D:1: 1677 daAuts
  Lair:2: 1622 daAuts
     D:7: 1534 daAuts
   Elf:1: 1513 daAuts
     D:8: 1506 daAuts
  Lair:4: 1323 daAuts
  Lair:5: 1268 daAuts
     D:9: 1210 daAuts
